 Dungeon Crawl Stone Soup version 0.23.1 (webtiles) character file.

Game seed: 6360599211822860435

9144 vishdafish the Cleaver (level 11, -4/83 HPs)
             Began as a Demonspawn Fighter on Mar 16, 2019.
             Was an Initiate of Gozag.
             Slain by an eight-headed hydra (11 damage)
             ... on level 10 of the Dungeon.
             The game lasted 00:14:08 (8639 turns).

vishdafish the Cleaver (Demonspawn Fighter)         Turns: 8639, Time: 00:14:09

Health: -4/83      AC: 22    Str: 17    XL:     11   Next: 19%
Magic:  0/11       EV: 10    Int: 12    God:    Gozag
Gold:   813        SH: 10    Dex: 13    Spells: 10/10 levels left

rFire    . . .     SeeInvis .   n - +1 hand axe (distort)
rCold    + . .     Gourm    .   c - +0 shield
rNeg     . . .     Faith    .   d - +1 scale mail {MR+}
rPois    +         Spirit   +   J - +0 helmet
rElec    .         Reflect  .   C - +2 cloak
rCorr    +         Harm     .   s - +2 pair of gloves
MR       ++...                  U - +0 pair of boots
Stlth    +.........             q - amulet of regeneration
HPRegen  0.63/turn              w - ring of protection from magic
MPRegen  0.24/turn              y - ring of resist corrosion

@: about to teleport
A: claws 2, slimy green scales 3, cold resistance 1, magic shield, magic
regeneration
a: Potion Petition, Call Merchant, Bribe Branch, Renounce Religion


You were on level 10 of the Dungeon.
You worshipped Gozag.
Gozag was pleased with you.
You were not hungry.

You visited 2 branches of the dungeon, and saw 12 of its levels.

You collected 1410 gold pieces.
You spent 156 gold pieces at shops.
You paid 441 gold pieces to Gozag.

Inventory:

Hand Weapons
 a - a +0 war axe
 n - a +1 hand axe of distortion (weapon)
Missiles
 P - 3 throwing nets (quivered)
 Q - 2 poisoned tomahawks
Armour
 b - a +0 scale mail
 c - a +0 shield (worn)
 d - a +1 scale mail of magic resistance (worn)
 p - a +0 pair of gloves
 s - a +2 pair of gloves (worn)
 A - a +2 cloak
 C - a +2 cloak (worn)
 J - a +0 helmet (worn)
 U - a +0 pair of boots (worn)
Jewellery
 i - an uncursed ring of protection from magic
 j - an uncursed ring of wizardry
 q - an amulet of regeneration (around neck)
 w - a ring of protection from magic (left hand)
 y - a ring of resist corrosion (right hand)
 I - an uncursed amulet of the acrobat
 R - an uncursed ring of wizardry
Wands
 V - a wand of random effects (6)
 X - a wand of acid (8)
Scrolls
 g - 3 scrolls of teleportation
 h - 2 scrolls of magic mapping
 k - 4 scrolls of remove curse
 m - 3 scrolls of random uselessness
 u - a scroll of enchant armour
 x - a scroll of fog
 H - a scroll of amnesia {unknown}
 M - a scroll of noise {unknown}
 N - a scroll of silence {unknown}
 S - a scroll of blinking {unknown}
 T - a scroll of brand weapon {unknown}
 W - a scroll of enchant weapon {unknown}
Potions
 l - a potion of flight {unknown}
 o - 6 potions of curing
 r - 2 potions of cancellation
 t - a potion of mutation {unknown}
 v - 3 potions of resistance
 z - a potion of agility {unknown}
 B - a potion of might
 D - a potion of haste
 E - 2 potions of heal wounds
 F - a potion of lignification {unknown}
 G - a potion of magic {unknown}
 K - a potion of brilliance {unknown}
 L - a potion of ambrosia {unknown}
 O - 2 potions of invisibility {unknown}
Comestibles
 f - 17 rations


   Skills:
 + Level 6.7 Fighting
 + Level 10.4 Axes
 - Level 0.4 Throwing
 + Level 7.5 Armour
 - Level 4.3 Dodging
 - Level 2.0 Stealth
 + Level 7.4 Shields
 * Level 1.0 Evocations


You had 10 spell levels left.
You didn't know any spells.
Your spell library was empty.

Dungeon Overview and Level Annotations

Branches:
Dungeon (11/15)            Temple (1/1) D:4            Lair (0/6) D:10
    Orc: D:9-12

Altars:
Ashenzari
Cheibriados
Dithmenos
Fedhas
Gozag
Hepliaklqana
Kikubaaqudgha
Makhleb
Okawaru
Qazlal
Ru
Sif Muna
Trog
Uskayaw
Vehumet
Wu Jian
Xom
Yredelemnul
Zin
The Shining One

Shops:
D:4 (   D:10 *

Annotations:
D:7 3 runed translucent doors, ThereIsNoGod's ghost, novice OpFi
D:9 Fannar
Abyss:1 Gastronok; Joseph; Maurice


Innate Abilities, Weirdness & Mutations

You have very sharp fingernails.
You are completely covered in slimy green scales. (AC +4, rPois)
Your flesh is cold resistant. (rC+)
When hurt, damage is shared between your health and your magic reserves.
You regenerate magic rapidly.


Message History

You block the eight-headed hydra's attack. x2
The eight-headed hydra closely misses you.
The eight-headed hydra bites you!
* * * LOW HITPOINT WARNING * * *
The eight-headed hydra bites you but does no damage.
You block the eight-headed hydra's attack.
The eight-headed hydra closely misses you.
The eight-headed hydra bites you!
* * * LOW HITPOINT WARNING * * *
The hound barely misses you.
There is an entrance to Jiaf's Assorted Antiques here.
As you read the scroll of teleportation, it crumbles to dust.
You feel strangely unstable.
The eight-headed hydra bites you but does no damage.
The eight-headed hydra barely misses you.
The eight-headed hydra bites you!
* * * LOW HITPOINT WARNING * * *
The eight-headed hydra bites you!
You die...
Your body crumbles into a pile of gold.

.......)............#.......#
....................#.......#
....................#.......#
#################...##......#
................#...........#
................#...........#
................#...........#
########....##########......#
..............Oh@...........#
...............D......(.....#
............................#
#################...........#
#...#...........#...........#
#...#...........#...........#
#...#...........#..........(#
#...#...........#...........#
....#...##..#####.....#######


You could see an eight-headed hydra, a two-headed ogre and a hound.

Vanquished Creatures
  A two-headed ogre (D:10)
  8 yaks (D:10)
  A wyvern (D:8)
  A water moccasin (D:5)
  2 orc warriors
  2 black bears
  An ice beast (D:8)
  A hornet zombie (D:5)
  A phantom (D:10)
  A sky beast (D:8)
  An eye of draining (D:8)
  2 ogres (D:9)
  2 centaurs
  2 big kobolds
  4 bullfrogs
  A gnoll sergeant (D:6)
  6 scorpions
  A killer bee (D:11)
  11 wights
  4 howler monkeys
  3 crimson imps
  2 centaur zombies
  5 hounds
  3 jellies
  6 orc priests
  2 bullfrog skeletons
  A centaur skeleton (D:8)
  Terence (D:3)
  An iguana (D:10)
  5 orc wizards
  6 worker ants
  2 killer bee zombies
  A hound zombie (D:10)
  A hound skeleton (D:5)
  A howler monkey zombie (D:7)
  15 gnolls
  15 adders
  A shadow imp (D:5)
  An ooze (D:1)
  An adder skeleton (D:4)
  An adder zombie (D:5)
  3 worms (D:2)
  3 leopard geckos
  31 orcs
  3 ball pythons
  10 giant cockroaches
  14 goblins
  12 hobgoblins
  9 jackals
  3 quokkas
  4 bats (D:3)
  4 frilled lizards
  A giant cockroach zombie (D:5)
  A jackal skeleton (D:4)
  21 kobolds
  A quokka zombie (D:5)
  4 rats
251 creatures vanquished.

Vanquished Creatures (others)
  A two-headed ogre (D:9)
  A komodo dragon (D:10)
  2 trolls
  3 yaks (D:10)
  A phantom (D:9)
  A centaur (D:6)
  A scorpion (D:7)
  2 wights (D:10)
  A howler monkey (D:4)
  A bullfrog zombie (D:10)
  A hound (D:8)
  A gnoll shaman (D:5)
  2 orc wizards (D:7)
  A worker ant (D:9)
  A hound skeleton (D:5)
  2 gnolls (D:5)
  2 orcs
24 creatures vanquished.

Grand Total: 275 creatures vanquished

Notes
Turn   | Place    | Note
-------+----------+-------------------------------------------
     0 | D:1      | vishdafish the Demonspawn Fighter began the quest for the
                  | Orb.
     0 | D:1      | Reached XP level 1. HP: 18/18 MP: 1/1
   268 | D:1      | Reached skill level 2 in Axes
   268 | D:1      | Gained mutation: You are partially covered in slimy green
                  | scales. (AC +2) [demonic ancestry]
   268 | D:1      | Reached XP level 2. HP: 20/24 MP: 2/2
   376 | D:1      | Gained mutation: Your flesh is cold resistant. (rC+)
                  | [demonic ancestry]
   376 | D:1      | Reached XP level 3. HP: 18/29 MP: 3/3
   723 | D:2      | Gained mutation: When hurt, damage is shared between your
                  | health and your magic reserves. [demonic ancestry]
   723 | D:2      | Reached XP level 4. HP: 11/35 MP: 4/4
   737 | D:2      | You fall through a shaft!
   988 | D:3      | Noticed Terence
  1004 | D:3      | Killed Terence
  1004 | D:3      | Reached skill level 3 in Axes
  1004 | D:3      | Reached skill level 1 in Dodging
  1073 | D:3      | Gained mutation: You have sharp fingernails. [demonic
                  | ancestry]
  1073 | D:3      | Reached XP level 5. HP: 30/41 MP: 5/5
  1454 | D:3      | Gained mutation: You are mostly covered in slimy green
                  | scales. (AC +3) [demonic ancestry]
  1454 | D:3      | Reached XP level 6. HP: 32/48 MP: 4/6
  1661 | D:3      | Reached skill level 4 in Axes
  2085 | D:4      | Gained mutation: You regenerate magic rapidly. [demonic
                  | ancestry]
  2085 | D:4      | Reached XP level 7. HP: 44/53 MP: 7/7
  2096 | D:4      | Reached skill level 5 in Axes
  2383 | D:4      | Found Sietteim's Weapon Boutique.
  2976 | D:4      | Found a staircase to the Ecumenical Temple.
  2985 | Temple   | Entered the Ecumenical Temple
  3202 | Temple   | Became a worshipper of Gozag Ym Sagoz the Greedy
  3319 | D:5      | Entered Level 5 of the Dungeon
  3360 | D:5      | Found a sacrificial altar of Ru.
  3397 | D:5      | Found an ornate altar of the Wu Jian Council.
  3397 | D:5      | Found a snail-covered altar of Cheibriados.
  3532 | D:5      | Reached XP level 8. HP: 48/61 MP: 8/8
  3617 | D:5      | Reached skill level 6 in Axes
  3650 | D:5      | Found a basalt altar of Yredelemnul.
  3728 | D:5      | Found an iron altar of Okawaru.
  3783 | D:5      | Found a hide-covered altar of Uskayaw.
  3785 | D:5      | Found a sacrificial altar of Ru.
  3954 | D:6      | Found a deep blue altar of Sif Muna.
  4005 | D:6      | Reached skill level 5 in Armour
  4073 | D:6      | Found a glowing golden altar of the Shining One.
  4225 | D:6      | Reached skill level 5 in Shields
  4614 | D:7      | Reached skill level 5 in Fighting
  4627 | D:7      | Reached XP level 9. HP: 62/68 MP: 9/9
  4632 | D:7      | Reached skill level 7 in Axes
  4746 | D:7      | Found a runed translucent gate.
  4747 | D:7      | Found a runed translucent gate.
  4747 | D:7      | Found an opulent altar of Gozag.
  4749 | D:7      | Found a runed translucent gate.
  4751 | D:7      | Noticed ThereIsNoGod's ghost (novice OpFi)
  5140 | D:8      | Noticed Maurice
  5143 | D:8      | Banished Maurice
  5179 | D:8      | Reached skill level 1 in Stealth
  5554 | D:8      | Paralysed by a hornet for 1 turns
  5648 | D:8      | Reached skill level 8 in Axes
  5836 | D:8      | Noticed Joseph
  5842 | D:8      | Banished Joseph
  6273 | D:9      | Noticed a two-headed ogre
  6387 | D:9      | Banished a two-headed ogre
  6387 | D:9      | Gained mutation: You have very sharp fingernails. [demonic
                  | ancestry]
  6387 | D:9      | Reached XP level 10. HP: 29/76 MP: 5/10
  7029 | D:9      | Reached skill level 9 in Axes
  7292 | D:9      | Found a bloodstained altar of Trog.
  7385 | D:10     | Entered Level 10 of the Dungeon
  7438 | D:10     | Found a staircase to the Lair.
  7588 | D:10     | Noticed Gastronok
  7595 | D:10     | Banished Gastronok
  7618 | D:10     | Noticed Fannar
  7718 | D:10     | Reached skill level 10 in Axes
  7896 | D:10     | Noticed a two-headed ogre
  7904 | D:10     | Killed a two-headed ogre
  7904 | D:10     | Gained mutation: You are completely covered in slimy green
                  | scales. (AC +4, rPois) [demonic ancestry]
  7904 | D:10     | Reached XP level 11. HP: 36/83 MP: 4/11
  8575 | D:11     | Reached skill level 1 in Evocations
  8575 | D:11     | Noticed a two-headed ogre
  8578 | D:11     | Noticed an eight-headed hydra
  8583 | D:11     | Noticed a two-headed ogre
  8616 | D:10     | Bought a brass wand for 80 gold pieces
  8616 | D:10     | Bought a scroll labeled ADYF ZOANOOTHRI for 20 gold pieces
  8616 | D:10     | Bought a fuming clear potion for 18 gold pieces
  8616 | D:10     | Bought a fuming clear potion for 18 gold pieces
  8616 | D:10     | Bought a scroll labeled ECSIDO SUAGAO for 20 gold pieces
  8639 | D:10     | Slain by an eight-headed hydra

Skill      XL: |  1  2  3  4  5  6  7  8  9 10 11 |
---------------+----------------------------------+-----
Axes           | 2 3 4 5 6 8 10 | 10.4
Armour         | 3 4 5 6 7 |  7.5
Shields        | 3 4 5 6 7 |  7.4
Dodging        | 1 2 3 4 |  4.3
Fighting       | 4 5 6 |  6.7
Stealth        | 1 2 |  2.0
Evocations     | 1 |  1.0
Throwing       | |  0.4

Action                   |  1- 3 |  4- 6 |  7- 9 | 10-12 || total
-------------------------+-------+-------+-------+-------++-------
Melee: War axe           |    94 |   197 |     8 |       ||   299
       Hand axe          |       |       |   433 |   310 ||   743
Throw: Throwing net      |       |       |       |     4 ||     4
Invok: Call Merchant     |       |       |       |     1 ||     1
Evoke: Wand              |       |       |     2 |     1 ||     3
  Use: Potion            |       |     2 |     1 |       ||     3
       Scroll            |       |       |       |    12 ||    12
 Stab: Distracted        |       |       |       |     1 ||     1
       Held in net/web   |       |       |       |     1 ||     1
  Eat: Chunk             |       |     4 |     4 |       ||     8
       Ration            |       |       |     3 |     4 ||     7
Armor: Scale mail        |    36 |   123 |   172 |   134 ||   465
Dodge: Dodged            |    23 |    89 |   134 |    76 ||   322
Block: Shield            |    56 |   125 |   165 |   133 ||   479
